Map: Ruines d’Endion

Players

zidar

  • Race: Zerg Zerg
  • League: Gold
  • Spawn Location: 5:00

GLHF - Winner!

  • Race: Terran Terran
  • League: Bronze
  • Spawn Location: 7:00

VOD

Have the link to the VOD?

Description

Time

  • Played on: May 14, 2016, 11:05 a.m.
  • Length: 10:54
Show
View Real Time Build Order
Export as new Build Order

zidar Zerg 

Build Orders: Hatch First 

Get SALT Encoding   

  12  0:01  Drone  
  13  0:12  Overlord  
  13  0:18  Drone  
  14  0:31  Drone x2  
  14  0:34  Drone  
  17  0:56  Hatchery  
  16  0:57  Drone  
  16  1:01  Extractor  
  16  1:03  Drone  
  17  1:21  Spawning Pool  
  16  1:28  Drone  
  17  1:41  Drone  
  17  1:42  Overlord  
  17  1:44  Drone  
  19  1:56  Drone  
  20  2:08  Queen  
  20  2:09  Metabolic Boost  
  20  2:14  Queen  
  24  2:19  Zergling x2  
  24  2:22  Zergling x2  
  26  2:38  Roach Warren  
  26  2:44  Zergling x6  
  26  2:47  Zergling x2  
  26  2:49  Zergling x2  
  30  3:05  Queen  
  30  3:08  Overlord  
  32  3:15  Zergling x2  
  32  3:16  Zergling x2  
  32  3:17  Zergling x2  
  28  3:54  Drone x8  
  36  4:08  Lair  
  36  4:11  Lair  
  36  4:18  Extractor  
  36  4:23  Evolution Chamber  
  34  4:35  Baneling Nest  
  31  4:57  Spore Crawler  
  24  5:29  Spore Crawler  
  23  5:37  Drone x10  
  23  5:38  Drone  
  23  5:39  Drone  
  28  6:11  Pneumatized Carapace  
  28  6:15  Zerg Melee Weapons Level 1  
  28  6:17  Roach  
  28  6:18  Roach x5  
  39  6:40  Drone x5  
  39  6:46  Overlord  
  44  6:59  Baneling  
  44  7:00  Baneling x5  
  44  7:05  Centrifical Hooks  
  44  7:27  Overlord  
  44  7:28  Overlord x2  
  44  7:46  Queen  
  46  8:12  Roach x3  
  52  8:16  Overlord x3  
  52  8:17  Overlord  
  52  8:34  Drone  
  52  8:35  Drone x9  
  62  9:01  Roach x2  
  66  9:03  Roach  
  68  9:26  Hatchery  
  68  9:29  Hatchery  
  66  9:41  Drone x3  
  66  9:42  Drone x2  
  71  9:55  Infestation Pit  
  71  9:56  Evolution Chamber  
  69  10:10  Extractor  
  68  10:15  Extractor  
  67  10:28  Roach  
  67  10:29  Roach  
  67  10:32  Zergling x2  
  67  10:33  Zergling x24  
Show
View Real Time Build Order
Export as new Build Order

GLHF Terran - Winner!

Build Orders: Liberator Opening, Mech 

Get SALT Encoding   

  12  0:01  SCV  
  13  0:13  SCV  
  14  0:22  Supply Depot  
  14  0:25  SCV  
  15  0:43  Refinery  
  15  0:44  SCV  
  16  0:52  Barracks  
  16  0:57  SCV  
  17  1:09  SCV  
  18  1:25  SCV  
  20  1:41  Orbital Command  
  20  1:43  Supply Depot  
  20  1:46  Marine, Factory  
  20  2:26  Marine  
  21  2:32  Starport  
  21  2:33  Factory Tech Lab  
  21  2:36  SCV  
  22  2:43  Marine  
  23  2:47  Supply Depot  
  23  2:50  SCV  
  26  3:01  Marine  
  26  3:02  SCV  
  26  3:03  Widow Mine  
  28  3:10  Command Center  
  28  3:17  Liberator  
  28  3:23  Refinery  
  28  3:34  Supply Depot  
  31  3:49  Marine  
  32  3:58  SCV  
  33  4:06  Engineering Bay  
  33  4:09  Marine  
  34  4:10  SCV  
  34  4:15  Siege Tank  
  38  4:23  SCV  
  39  4:30  Marine, Viking  
  42  4:32  Orbital Command  
  42  4:35  SCV  
  42  4:37  Supply Depot  
  43  4:43  Barracks  
  43  5:11  Marine  
  44  5:29  Marine  
  44  5:34  Orbital Command  
  45  5:40  Siege Tank  
  48  5:47  Marine  
  48  5:49  SCV  
  50  5:57  Factory  
  50  5:59  Factory  
  50  6:00  Factory  
  50  6:03  Armory  
  50  6:05  Missile Turret  
  50  6:06  SCV  
  50  6:07  SCV  
  49  6:19  SCV  
  50  6:39  Siege Tank  
  53  6:41  Starport Reactor  
  53  6:44  Factory Tech Lab x2  
  53  6:50  Factory Reactor  
  53  6:58  Refinery x2, SCV x2  
  55  7:10  SCV  
  55  7:11  Terran Vehicle Weapons Level 1  
  55  7:12  SCV  
  57  7:18  Hellbat x2  
  57  7:20  Hellbat  
  57  7:22  SCV  
  64  7:28  Hellbat  
  64  7:29  Hellbat  
  70  7:35  SCV x2  
  70  7:39  Supply Depot  
  70  7:40  Supply Depot  
  70  8:00  SCV, Medivac  
  70  8:01  Hellbat x2, SCV  
  70  8:02  Hellbat x2  
  84  8:09  Widow Mine  
  84  8:10  Supply Depot  
  84  8:12  Supply Depot  
  84  8:13  SCV x2  
  86  8:30  Missile Turret  
  86  8:31  SCV x2, Siege Tank x2  
  96  8:36  Supply Depot  
  96  8:41  Widow Mine  
  96  8:42  Siege Tank  
  96  8:43  Hellbat, SCV  
  102  8:56  Supply Depot  
  102  8:57  Viking x2  
  102  9:02  Hellbat  
  108  9:04  Hellbat  
  110  9:17  Hellbat  
  116  9:36  Widow Mine x2  
  116  9:41  Viking  
  118  9:52  Viking, Siege Tank x2  
  126  9:53  Siege Tank  
  129  10:11  Hellbat x2  
  133  10:31  Command Center  
Tags
 
Add a new tag
Caveats
  • Supply blocks, unpowered buildings, or Contaminate may cause inaccurate times.
  • Supply counts are checked every 10 seconds.